Unix NetHack Version 5.0.0-0 post-release - last build May 23 2026 06:08:33 (1c0ff79ee797540d5714e4e18072db0edd9e58ae,branch:main).

Game began 2026-05-24 16:10:03, ended 2026-05-24 16:20:03.

DeathOnAStick, neutral male human Tourist

                          ----------------
                          |..............|
         ------------    #-..............|
         |.?....?.+.|    #|..fd..........|
         |..........|    #----@-----------
         -------+----    #    ###             -----
                #        #      #         ####+   |
                #        #      #         #   |   |
                #        #      ###       #   |   .##    #####
               ##        #      --.----   #   ----- ##  ##---.-----    -----
               #         #      |.<...|####          #    |       +#   |   |
               #         #   ###-.....+#             #####+       |####+   |
               #         #   #  |.....|                   |    >  |    |   |
               #         # ###  |......##############     ---------    -----
         ------.-------- # #    |.....|                     #   #
         |.....(.......|####    -------
         |.............|#          #
         |..............#
         ---------------
                 #
DeathOnAStick the Sightseer  St:14 Dx:9 Co:13 In:13 Wi:8 Ch:17  Neutral S:381
Dlvl:2  $:280 HP:0(20) Pw:11(11) AC:10 Xp:3/41 T:839  Burdened

Latest messages:
 In what direction? l
 The dart hits the gecko.
 Fido bites the gecko.
 The gecko is killed!
 You see here a +2 dart.
 You have a little trouble lifting a - a +2 dart (at the ready) (22 in total).
 The coyote bites!
 Fido misses the coyote.
 You swap places with Fido.
 The coyote bites!
 In what direction? j
 The dart misses the coyote.
 The coyote bites!
 The coyote bites!
 In what direction? j
 The dart hits the coyote.
 The coyote bites!
 Fido misses the grid bug.
 In what direction? j
 You kill the coyote!
 Fido misses the grid bug.
 Fido misses the grid bug.
 In what direction? h
 You kill the grid bug!
 Welcome to experience level 3.
 Fido misses the jackal.
 The jackal bites!
 Fido bites the jackal.
 The jackal bites Fido.
 In what direction? h
 You kill the jackal!
 Fido eats a jackal corpse.
 There is a coyote corpse here; eat it? [ynq] (n) y
 This coyote corpse is fatty.
 Fido bites the coyote.
 You stop eating the coyote corpse.
 The coyote bites!
 Fido picks up a +2 dart.
 Fido misses the coyote.
 Fido drops a +2 dart.
 Fido bites the coyote.
 The coyote misses Fido.
 The coyote bites!
 You die...
 Do you want your possessions identified? [ynq] (y) y
 Do you want to see your attributes? [ynq] (y) y
 Do you want an account of creatures vanquished? [ynaq] (y) y
 Do you want a list of species genocided? [ynq] (y) y
 Do you want to see your conduct and achievements? [ynq] (y) y
 Do you want to see the dungeon overview? [ynq] (y) y

Inventory:
 Coins    ('$')
  $ - 280 gold pieces
 Weapons  (')')
  a - 17 +2 darts (at the ready)
  L - a +0 orcish dagger
 Armor    ('[')
  m - an uncursed +0 Hawaiian shirt with a hibiscus flower motif
 Comestibles  ('%')
  e - an uncursed banana
  i - an uncursed clove of garlic
  d - 3 uncursed food rations
  f - an uncursed tripe ration
  h - an uncursed egg
  C - an uncursed lichen corpse
 Scrolls  ('?')
  l - 3 uncursed scrolls of magic mapping
 Potions  ('!')
  k - a blessed potion of extra healing
  j - an uncursed potion of extra healing
  r - a cursed potion of healing
 Rings    ('=')
  t - a cursed -2 ring of adornment
  s - an uncursed ring of see invisible
 Wands    ('/')
  y - a wand of digging (0:8)
  w - a wand of make invisible (0:7)
 Tools    ('(')
  x - an uncursed credit card
  v - an expensive camera (0:48)
 Gems/Stones  ('*')
  u - an uncursed opal
  z - a cursed loadstone

DeathOnAStick the Tourist's attributes:

Background:
 You were a Sightseer, a level 3 male human Tourist.
 You were neutral, on a mission for The Lady
 who was opposed by Blind Io (lawful) and Offler (chaotic).
 You were right-handed.
 You were in the Dungeons of Doom, on level 2.
 You entered the dungeon 839 turns ago.
 You had 41 experience points, 39 more were needed to attain level 4.
 Your score was 381 before end-of-game adjustments.

Basics:
 You had 0 out of 20 hit points.
 You had all 11 energy points (spell power).
 Your armor class was 10.
 Your wallet contained 280 zorkmids.
 Autopickup was off.

Final Characteristics:
 Your strength was 14 (limit:18/100).
 Your dexterity was 9 (peak:10, limit:18).
 Your constitution was 13 (limit:18).
 Your intelligence was 13 (limit:18).
 Your wisdom was 8 (limit:18).
 Your charisma was 17 (limit:18).

Final Status:
 You weren't hungry.
 You were burdened; movement was slightly slowed.
 You were bare handed.
 You were unskilled in bare handed combat.
 You weren't wearing any armor.

Final Attributes:
 You were stridently aligned.
 You are dead.

Miscellaneous:
 You didn't encounter any bones levels.
 Total elapsed playing time was 9 minutes and 58 seconds.

Major events:
 Turn
    1: DeathOnAStick the neutral male human Tourist entered the dungeon
  710: read a Discworld novel
  745: performed his first genocide (disenchanters)
  830: attained the rank of Sightseer (level 3)
  839: killed by a coyote

You didn't know any spells.

Skills:
 Fighting Skills
   bare handed combat [Unskilled]
   two weapon combat  [Unskilled]
   riding             [Unskilled]
 Weapon Skills
   dagger             [Unskilled]
   knife              [Unskilled]
   axe                [Unskilled]
   pick-axe           [Unskilled]
   short sword        [Unskilled]
   broadsword         [Unskilled]
   long sword         [Unskilled]
   two-handed sword   [Unskilled]
   saber              [Unskilled]
   mace               [Unskilled]
   morning star       [Unskilled]
   flail              [Unskilled]
   hammer             [Unskilled]
   quarterstaff       [Unskilled]
   polearms           [Unskilled]
   spear              [Unskilled]
   trident            [Unskilled]
   lance              [Unskilled]
   bow                [Unskilled]
   sling              [Unskilled]
   crossbow           [Unskilled]
   dart               [Basic]
   shuriken           [Unskilled]
   boomerang          [Unskilled]
   whip               [Unskilled]
   unicorn horn       [Unskilled]
 Spellcasting Skills
   divination spells  [Unskilled]
   enchantment spells [Unskilled]
   escape spells      [Unskilled]

Voluntary challenges:
 Character rerolling was not enabled.
 You were an atheist.
 You never hit with a wielded weapon.
 You genocided 1 type of monster.
 You never polymorphed an object.
 You never changed form.
 You used no wishes.
Achievements:
 You entered a shop.
 You read from a Discworld novel.
 You attained the rank of Sightseer.

 The Dungeons of Doom: levels 1 to 2
    Level 1:
       A fountain.
    Level 2: <- You were here.
       A scroll shop.
       Final resting place for
          you, killed by a coyote.


Vanquished creatures:
  a ghoul
  a coyote
  a gecko
  3 jackals
  2 goblins
  3 grid bugs
  a lichen
  3 newts
15 creatures vanquished.

Genocided species:
 disenchanters
1 species genocided.

Game over:
                       ----------
                      /          \
                     /    REST    \
                    /      IN      \
                   /     PEACE      \
                  /                  \
                  |  DeathOnAStick   |
                  |      280 Au      |
                  |   killed by a    |
                  |      coyote      |
                  |                  |
                  |                  |
                  |       2026       |
                 *|     *  *  *      | *
        _________)/\\_//(\/(/\)/\//\/|_)_______

Aloha DeathOnAStick the Tourist...

You died in The Dungeons of Doom on dungeon level 2 with 368 points,
and 280 pieces of gold, after 839 moves.
You were level 3 with a maximum of 20 hit points when you died.

